 Dungeon Crawl Stone Soup version 0.19.4-9-g45fd643 (webtiles) character file.

18 esteth the Changer (level 2, 0/25 HPs)
             Began as a Naga Transmuter on Feb 14, 2017.
             Slain by a kobold (1 damage)
             ... on level 1 of the Dungeon on Feb 15, 2017.
             The game lasted 00:01:35 (567 turns).

esteth the Changer (Naga Transmuter)                 Turns: 567, Time: 00:01:36

Health: 0/25       AC:  1    Str: 12    XL:     2   Next: 70%
Magic:  5/5        EV: 10    Int: 13    God:
Gold:   24         SH:  0    Dex: 11    Spells: 1 memorised, 4 levels left

rFire  . . .     SeeInvis +       - Unarmed
rCold  . . .     Gourm    .     b - +0 robe
rNeg   . . .     Faith    .     (no shield)
rPois  +         Spirit   .     (no helmet)
rElec  .         Reflect  .     (no cloak)
rCorr  .         Harm     .     (no gloves)
MR     .....                    (no barding)
Stlth  +.........               (no amulet)
                                (no ring)
                                (no ring)

@: very slow
A: see invisible, deformed body, poison resistance, slowness 2, slow metabolism
1, spit poison 1, AC +0
a: Spit Poison


You were on level 1 of the Dungeon.
You were not hungry.

You visited 1 branch of the dungeon, and saw 1 of its levels.

You collected 24 gold pieces.

Inventory:

Missiles
 a - 26 arrows
Armour
 b - a +0 robe (worn)
Books
 c - a book of Changes

   Spells                             Type                      Level
   a - Beastly Appendage              Transmutation                1
   b - Sticks to Snakes               Transmutation                2
   c - Spider Form                    Transmutation/Poison         3
   d - Ice Form                       Ice/Transmutation            4
   e - Blade Hands                    Transmutation                5
Comestibles
 d - a bread ration
 f - 6 chunks of flesh
 g - a meat ration


   Skills:
 - Level 1.0 Fighting
 - Level 1.5 Dodging
 - Level 3.0 Unarmed Combat
 - Level 2.0 Spellcasting
 + Level 3.2 Transmutations


You had 4 spell levels left.
You knew the following spells:

 Your Spells              Type           Power        Failure   Level  Hunger
a - Beastly Appendage     Tmut           #.....       10%         1    ##.....


Dungeon Overview and Level Annotations

Branches:
Dungeon (1/15)

Altars:


Innate Abilities, Weirdness & Mutations

You cannot wear boots.
Your serpentine skin is tough. (AC +0)
You have supernaturally acute eyesight. (SInv)
Armour fits poorly on your strangely shaped body.
Your system is resistant to poisons. (rPois)
You cover ground very slowly.
You have a slow metabolism.
You can spit poison.


Message History

You closely miss the kobold. The kobold misses you.
You barely miss the kobold. The kobold hits you.
* * * LOW HITPOINT WARNING * * *
You barely miss the kobold. The kobold barely misses you.
You hit the kobold but do no damage. The kobold closely misses you.
You hit the kobold but do no damage. You barely miss the kobold.
The kobold barely misses you.
You barely miss the kobold. The kobold closely misses you.
You closely miss the kobold. The kobold closely misses you.
You closely miss the kobold. The kobold closely misses you.
You closely miss the kobold. The kobold hits you.
* * * LOW HITPOINT WARNING * * *
You hit the kobold but do no damage. The kobold hits you.
* * * LOW HITPOINT WARNING * * *
You hit the kobold but do no damage. The kobold barely misses you.
You barely miss the kobold. The kobold closely misses you.
You hit the kobold but do no damage. The kobold hits you.
* * * LOW HITPOINT WARNING * * *
You closely miss the kobold. The kobold hits you.
You die...

.... #######... #
#(......# #.#.......#
#.#.......# #.........#
########..(....# .
#......)(......#
..###.....@.............
.........K..############
...........#
..###.......#
#......).>..#
#####.......# ####..###
#####..# ##
#...#..######


You could see a kobold.

Vanquished Creatures
  An ooze (D:1)
  4 goblins (D:1)
  A ball python (D:1)
  4 bats (D:1)
  2 frilled lizards (D:1)
  3 rats (D:1)
15 creatures vanquished.

Notes
Turn   | Place    | Note
-------+----------+-------------------------------------------
     0 | D:1      | esteth the Naga Transmuter began the quest for the Orb.
     0 | D:1      | Reached XP level 1. HP: 18/18 MP: 3/3
     0 | D:1      | Upgraded the game from 0.19.4-8-ga85b6b9 to 0.19.4-9-g45fd643
   406 | D:1      | Reached XP level 2. HP: 25/25 MP: 5/5
   566 | D:1      | HP: 1/25 [kobold (4)]
   567 | D:1      | Slain by a kobold

Skill      XL: |  1  2 |
---------------+-------+-----
Transmutations | 3 |  3.2
Fighting       | |  1.0
Dodging        | |  1.5
Unarmed Combat | |  3.0
Spellcasting   | |  2.0

Action                   || total
-------------------------++-------
Melee: Unarmed           ||    66
 Abil: Spit Poison       ||     2
 Stab: Sleeping          ||     1
Armor: Robe              ||    25
Dodge: Dodged            ||    52
